[Event "Titled Tuesday Blitz March 07 Late 2023"]
[White "Gasparyan, David"]
[Black "Gubajdullin, Alexei"]
[WhiteFideId "13311980"]
[BlackFideId "4141202"]
[WhiteElo "2457"]
[BlackElo "2267"]
[Result "1-0"]
[Round "08"]
[TimeControl "180+2"]
[Date "2023.03.07"]
[WhiteClock "0:01:04"]
[BlackClock "0:00:09"]

1. Nf3 Nf6 2. g3 g6 3. Bg2 Bg7 4. d3 O-O 5. O-O d6 6. Nc3 c5 7. e4 Nc6 8. h3 Nd7 9. Nh2 Rb8 10. a4 a6 11. f4 b5 12. axb5 axb5 13. Nd5 e6 14. Ne3 b4 15. h4 Nd4 16. h5 f5 17. hxg6 hxg6 18. Nf3 Nxf3+ 19. Qxf3 Bb7 20. Nc4 Nf6 21. Re1 Ng4 22. Ra7 Bd4+ 23. Be3 Nxe3 24. Nxe3 Bxb2 25. Rxb7 Rxb7 26. exf5 Re7 27. fxe6 Rxe6 28. Qd5 Re8 29. Nc4 Bd4+ 30. Kh2 Qf6 31. Bh3 Kf7 32. Nxd6+ Kf8 33. Rxe6 Rxe6 34. Qxe6 Qxe6 35. Bxe6 Ke7 36. Nb5 Kxe6 37. Nxd4+ cxd4 38. g4 Ke7 39. Kg3 Ke6 40. Kf3 Kd5 41. g5 b3 42. cxb3 Kc5 43. Ke4 Kb4 44. Kxd4 Kxb3 45. f5 gxf5 46. g6 f4 47. g7 f3 48. Ke3 f2 49. Kxf2 Kc3 50. g8=Q Kxd3 51. Qe6 Kd4 52. Kf3 Kc5 53. Qd7 Kc4 54. Qd6 Kb5 55. Qc7 Ka4 56. Qb6 Ka3 57. Qb5 Ka2 58. Qb4 Ka1 59. Ke2 Ka2 60. Kd2 Ka1 61. Kc2 1-0


[Site "https://www.chess.com"]

[Event "Titled Tuesday Blitz March 07 Late 2023"]
[White "Vaglio Munoz, Jaime"]
[Black "Martinez Reyes, Pedro Ramon"]
[WhiteFideId "6500145"]
[BlackFideId "3901807"]
[WhiteElo "2199"]
[BlackElo "2340"]
[Result "0-1"]
[Round "08"]
[TimeControl "180+2"]
[Date "2023.03.07"]
[WhiteClock "0:00:02"]
[BlackClock "0:01:44"]

1. d4 b5 2. e4 Bb7 3. Bxb5 Bxe4 4. Nf3 Nf6 5. Nc3 Bb7 6. O-O e6 7. Ne5 Be7 8. f4 O-O 9. f5 c5 10. Be3 Qc7 11. Qe2 cxd4 12. Bxd4 Nc6 13. Nxc6 Bxc6 14. Bd3 Rab8 15. b3 Rb4 16. Be5 d6 17. Bg3 e5 18. Qe1 a5 19. a3 Rg4 20. Rd1 Qb7 21. Rd2 h5 22. Be2 Rg5 23. h4 Rxg3 24. Qxg3 Re8 25. Rfd1 d5 26. Kh1 d4 27. Na4 Ne4 28. Qe1 Nxd2 29. Qxd2 Bxg2+ 30. Kh2 Bf3 31. Rg1 Qe4 32. Bxf3 Qxf3 33. Nb6 Qxf5 34. Qg2 g6 35. Nd5 Bxh4 36. Rf1 Qe6 37. Qe4 Bd8 38. Re1 f5 39. Qg2 e4 40. Nf4 Bc7 41. Qg3 Bxf4 42. Qxf4 Qe5 43. Qxe5 Rxe5 44. Kg3 g5 45. b4 f4+ 46. Kf2 axb4 47. axb4 g4 48. Rd1 g3+ 49. Kg2 e3 50. Re1 h4 51. Kf3 Rf5 52. Kg4 f3 0-1


[Site "https://www.chess.com"]

[Event "Titled Tuesday Blitz March 07 Late 2023"]
[White "Danielian, Vardan"]
[Black "Chan, Kim Yew"]
[WhiteFideId "13301594"]
[BlackFideId "5717981"]
[WhiteElo "2561"]
[BlackElo "2206"]
[Result "1-0"]
[Round "08"]
[TimeControl "180+2"]
[Date "2023.03.07"]
[WhiteClock "0:00:22"]
[BlackClock "0:00:06"]

1. d4 Nf6 2. c4 e6 3. Nf3 d5 4. cxd5 exd5 5. Nc3 c6 6. Bg5 Bf5 7. e3 Be7 8. Bd3 Bxd3 9. Bxf6 Bxf6 10. Qxd3 O-O 11. O-O Nd7 12. b4 a6 13. a4 Qe7 14. b5 axb5 15. axb5 g6 16. bxc6 bxc6 17. g3 Rfb8 18. Ne2 c5 19. dxc5 Rxa1 20. Rxa1 Bxa1 21. c6 Ne5 22. Qxd5 Rd8 23. Qe4 Nxf3+ 24. Qxf3 Qf6 25. c7 Rc8 26. Qb7 Qf5 27. Nf4 Qd7 28. Nd5 Be5 29. Qxc8+ Qxc8 30. Ne7+ Kg7 31. Nxc8 Bxc7 32. Na7 h5 33. Kg2 Be5 34. Nc6 Bd6 35. Kf3 Kf6 36. h4 Bc5 37. Ke4 Ke6 38. Nd4+ Kf6 39. Nb3 Bb4 40. Kf3 Bc3 41. Nc5 Ke7 42. Kf4 Be1 43. Nd3 Bc3 44. Kg5 Kf8 45. Kf4 Ke7 46. Ke4 Kf6 47. Kd5 Kf5 48. f3 Kf6 49. e4 Bd2 50. f4 Be3 51. Kc4 Ba7 52. Kb3 Be3 53. Kc2 Ba7 54. Kd1 Ke6 55. Ke2 Kf6 56. Kf3 Ke6 57. e5 Kf5 58. Nb4 Ke6 59. Nc6 Bc5 60. Ke4 Bb6 61. Nd4+ Ke7 62. f5 Bc5 63. f6+ Kd7 64. Nf3 Bf2 65. Ng5 Ke8 66. Kf3 Be1 67. Ne4 Bb4 68. Kf4 Ba3 69. g4 Bc1+ 70. Kf3 hxg4+ 71. Kxg4 Bb2 72. Nd6+ Kf8 73. Kf4 Bc1+ 74. Ke4 Bd2 75. Kf3 Be1 76. Kg4 Bc3 77. Nc4 Bd4 78. h5 gxh5+ 79. Kxh5 Bc3 80. Kg4 Ba1 81. Kf5 Bc3 82. Ke4 Ba1 83. Kd5 Bc3 84. Ne3 Ke8 85. Nf5 Bb2 86. Nd6+ Kf8 87. Ke4 Bc3 88. Kf5 Bb2 89. Nc4 Bc3 90. Kg5 Bd4 91. Kh6 Kg8 92. Kg5 Bc3 93. Kf4 Ba1 94. Ke4 Bc3 95. Kd5 Kf8 96. Kd6 Ke8 97. Ne3 Bb4+ 98. Kd5 Bc3 99. Nf5 Bb2 100. Nh6 Bc3 101. Ng4 Bb2 102. Kd6 Ba3+ 103. Kc7 Bb2 104. Kd6 Bc3 105. Kd5 Bb4 106. e6 fxe6+ 107. Kxe6 Kf8 108. Ne5 Ba3 109. Ng6+ Ke8 110. f7+ Kd8 111. Ne5 Bc5 112. Nc6+ Kc7 113. Ne7 1-0


[Site "https://www.chess.com"]

[Event "Titled Tuesday Blitz March 07 Late 2023"]
[White "Kaganskiy, Gleb"]
[Black "Paszewski, Mateusz"]
[WhiteFideId "4132025"]
[BlackFideId "1141058"]
[WhiteElo "2165"]
[BlackElo "2223"]
[Result "0-1"]
[Round "08"]
[TimeControl "180+2"]
[Date "2023.03.07"]
[WhiteClock "0:02:08"]
[BlackClock "0:02:11"]

1. e4 c5 2. Nf3 Nc6 3. d4 cxd4 4. Nxd4 e5 5. Nb5 a6 6. Nd6+ Bxd6 7. Qxd6 Qf6 8. Qd2 Nge7 9. Nc3 O-O 10. Bc4 b5 11. Bb3 Nd4 12. O-O Bb7 13. Nd5 Bxd5 14. Bxd5 Nxd5 15. exd5 Qg6 16. f4 Nxc2 17. f5 Qb6+ 18. Qf2 Qxf2+ 19. Rxf2 Nxa1 20. b3 Rfc8 21. Bb2 Nc2 22. Bxe5 f6 23. Bd6 Ne3 24. Bb4 Rc1+ 25. Rf1 Rxf1# 0-1


[Site "https://www.chess.com"]

[Event "Titled Tuesday Blitz March 07 Late 2023"]
[White "Yano, William Jorge Froes"]
[Black "Janaszak, Dawid"]
[WhiteFideId "2112949"]
[BlackFideId "1119206"]
[WhiteElo "2122"]
[BlackElo "2220"]
[Result "0-1"]
[Round "08"]
[TimeControl "180+2"]
[Date "2023.03.07"]
[WhiteClock "0:00:15"]
[BlackClock "0:00:07"]

1. e4 e5 2. Nc3 Bc5 3. Bc4 d6 4. d3 Nc6 5. Nge2 Be6 6. O-O Qh4 7. Ng3 Nf6 8. Bxe6 fxe6 9. h3 Qxg3 10. Na4 Qh4 11. Nxc5 dxc5 12. f4 O-O 13. c3 Nh5 14. f5 exf5 15. exf5 Nf4 16. Qb3+ Kh8 17. Qxb7 Ne7 18. Qxc7 Nxf5 19. Qxe5 Ng6 20. Qxc5 Ng3 21. Bg5 Ne2+ 22. Kh2 Qg3+ 23. Kh1 Qxd3 24. Rxf8+ Rxf8 25. Re1 h6 26. Be7 Nxe7 27. Qxe7 Rf2 28. Qe8+ Kh7 29. Qc6 Nf4 30. Rg1 Nxh3 31. Re1 Nf4 32. Qe4+ Qxe4 33. Rxe4 Nxg2 34. Kg1 Rxb2 35. Rb4 Rxa2 36. Rb7 Ne3 37. Re7 Nf5 38. Re5 Kg6 39. Rc5 Ra1+ 40. Kf2 h5 41. Kf3 a5 42. Kf4 Rf1+ 43. Ke4 h4 44. Rc6+ Kg5 45. Rc5 h3 46. Rxa5 h2 47. Ra8 h1=Q+ 0-1


[Site "https://www.chess.com"]

[Event "Titled Tuesday Blitz March 07 Late 2023"]
[White "Do Nascimento,Christian Almeida"]
[Black "Kovacs, Klara"]
[WhiteFideId "2143801"]
[BlackFideId "733210"]
[WhiteElo "2125"]
[BlackElo "2179"]
[Result "1-0"]
[Round "08"]
[TimeControl "180+2"]
[Date "2023.03.07"]
[WhiteClock "0:00:20"]
[BlackClock "0:00:33"]

1. d4 e6 2. e4 d5 3. Nc3 Nf6 4. Bg5 Be7 5. e5 Ne4 6. Bxe7 Qxe7 7. Nxe4 dxe4 8. c3 c5 9. Bb5+ Bd7 10. Bxd7+ Nxd7 11. Ne2 Qg5 12. Qa4 a6 13. dxc5 Rd8 14. Rd1 Qxg2 15. Rg1 Qxh2 16. Rxg7 Qxe5 17. Rg4 f5 18. Rg1 Qxc5 19. Rg7 b5 20. Qxa6 Qe5 21. Rd6 Qxg7 22. Rxe6+ Kf8 23. Qd6+ Kg8 24. Re7 Qf6 25. Qd5+ Kf8 26. Re6 Qf7 27. Qd6+ Kg8 28. Nf4 Rf8 29. Re7 Qxa2 30. Qxd7 Qb1+ 31. Ke2 Qxb2+ 32. Kf1 Qa1+ 33. Kg2 Qxc3 34. Qe6+ 1-0


[Site "https://www.chess.com"]

[Event "Titled Tuesday Blitz March 07 Late 2023"]
[White "Gerbelli Neto, Eduardo"]
[Black "Kretchetov, Alexandre"]
[WhiteFideId "2103281"]
[BlackFideId "4124588"]
[WhiteElo "2178"]
[BlackElo "2542"]
[Result "1-0"]
[Round "08"]
[TimeControl "180+2"]
[Date "2023.03.07"]
[WhiteClock "0:00:56"]
[BlackClock "0:01:56"]

1. e4 c6 2. d4 d5 3. exd5 cxd5 4. c4 Nf6 5. Nc3 Nc6 6. Nf3 a6 7. cxd5 Nxd5 8. Qb3 Be6 9. Qd1 g6 10. Ng5 Bf5 11. g4 Bc8 12. Bg2 Nxc3 13. bxc3 e6 14. Qf3 f6 15. Ne4 Bg7 16. g5 f5 17. Nc5 O-O 18. O-O Kh8 19. Rb1 e5 20. Nxb7 Bxb7 21. Rxb7 e4 22. Qg3 Na5 23. Rxg7 Kxg7 24. Qe5+ Kg8 25. Bf4 Qd7 26. Qxa5 1-0


[Site "https://www.chess.com"]

[Event "Titled Tuesday Blitz March 07 Late 2023"]
[White "Reprintsev, Alexander"]
[Black "Torres Dominguez, David"]
[WhiteFideId "14100541"]
[BlackFideId "2220857"]
[WhiteElo "2229"]
[BlackElo "1999"]
[Result "1-0"]
[Round "08"]
[TimeControl "180+2"]
[Date "2023.03.07"]
[WhiteClock "0:01:10"]
[BlackClock "0:00:21"]

1. e4 e5 2. Nf3 Nc6 3. Bc4 Bc5 4. b4 Bxb4 5. c3 Be7 6. d4 Nf6 7. dxe5 Ng4 8. Bf4 d6 9. exd6 Bxd6 10. Bxd6 Qxd6 11. Qxd6 cxd6 12. Na3 a6 13. Bd5 Ke7 14. Nc4 Nge5 15. Nb6 Rb8 16. Nd4 Nd3+ 17. Ke2 Nf4+ 18. Kf3 Nxd5 19. Nxd5+ Ke8 20. Rab1 Ne5+ 21. Ke2 Be6 22. f4 Bxd5 23. exd5 Nd7 24. Nf5 b5 25. Nxd6+ Ke7 26. Ne4 Rhe8 27. Kf3 f5 28. Ng5 h6 29. Ne6 Kf6 30. Rhe1 Nb6 31. Nc7 Rxe1 32. Rxe1 Rd8 33. Re6+ Kf7 34. Rxb6 1-0


[Site "https://www.chess.com"]

[Event "Titled Tuesday Blitz March 07 Late 2023"]
[White "Boyer, Mahel"]
[Black "Gonzalez, Francisco Silva"]
[WhiteFideId "45102422"]
[BlackFideId "1512285"]
[WhiteElo "2439"]
[BlackElo "2074"]
[Result "0-1"]
[Round "08"]
[TimeControl "180+2"]
[Date "2023.03.07"]
[WhiteClock "0:00:05"]
[BlackClock "0:01:00"]

1. e4 e5 2. Nf3 Nc6 3. Bb5 a6 4. Bxc6 dxc6 5. O-O Bd6 6. d4 exd4 7. Qxd4 f6 8. Re1 Ne7 9. e5 fxe5 10. Nxe5 O-O 11. Nc3 Be6 12. Bg5 Qe8 13. Ne4 Nf5 14. Nxd6 cxd6 15. Qe4 Bd5 16. Qb4 dxe5 17. c4 c5 18. Qxc5 Bc6 19. Qxe5 Qg6 20. Qe6+ Rf7 21. Qxg6 hxg6 22. Rad1 Ba4 23. b3 Bc6 24. Re6 Kh7 25. Rd3 Rd7 26. Rxd7 Bxd7 27. Rb6 Re8 28. h4 Bc6 29. b4 Nd4 30. a4 Bxa4 31. Rxb7 Kg8 32. Ra7 Re6 33. Bd2 Bb3 34. Rc7 Rc6 35. Rxc6 Nxc6 36. b5 axb5 37. cxb5 Nd4 38. b6 Bd5 39. f3 Kf7 40. Kf2 Nf5 41. Bg5 Ke6 42. g4 Nd6 43. Be3 Nc4 44. Bd4 Kf7 45. Ke2 Na5 46. Ke3 Nb3 47. Be5 Kg8 48. f4 Kh7 49. Kd3 Kh6 50. Kc3 Na5 51. Kd4 Bf3 52. f5 Bxg4 53. fxg6 Kxg6 54. Kc5 Bf3 55. Kd6 Kh6 56. Kc7 g6 57. Bf4+ Kh5 58. Bd2 Nc4 59. Bg5 Na5 60. Bd2 Nb7 61. Bg5 Kg4 62. Be7 Kf5 63. Bg5 Bg2 64. Be7 Bf3 65. Bg5 Nc5 66. Kd6 Ne4+ 67. Kc7 Nxg5 68. hxg5 Kxg5 69. Kd6 Kf4 70. b7 Bxb7 71. Kc5 g5 72. Kd4 g4 73. Kd3 Kf3 74. Kd2 Ba6 75. Ke1 g3 76. Kd2 Kf2 0-1


[Site "https://www.chess.com"]

[Event "Titled Tuesday Blitz March 07 Late 2023"]
[White "Meduri, Aakaash"]
[Black "Vlassov, Nikolai"]
[WhiteFideId "2032252"]
[BlackFideId "4103360"]
[WhiteElo "2113"]
[BlackElo "2324"]
[Result "0-1"]
[Round "08"]
[TimeControl "180+2"]
[Date "2023.03.07"]
[WhiteClock "0:02:13"]
[BlackClock "0:02:01"]

1. d4 Nf6 2. Nc3 d5 3. Bf4 c6 4. e4 dxe4 5. f3 Bf5 6. Bc4 e6 7. Qd2 Bb4 8. O-O-O Qa5 9. a3 Bxc3 10. Qxc3 Qxc3 11. bxc3 Nd5 12. fxe4 Bxe4 13. Bxd5 cxd5 14. Nf3 Nd7 15. Bd6 Rc8 16. Kb2 Nb6 17. Bg3 Na4+ 18. Kb3 Nxc3 19. Rde1 Nb5 0-1


[Site "https://www.chess.com"]

[Event "Titled Tuesday Blitz March 07 Late 2023"]
[White "Dodaro, Mattia"]
[Black "Pinheiro, Iung Alicio de O."]
[WhiteFideId "28583400"]
[BlackFideId "2104350"]
[WhiteElo "2412"]
[BlackElo "2283"]
[Result "1-0"]
[Round "08"]
[TimeControl "180+2"]
[Date "2023.03.07"]
[WhiteClock "0:00:21"]
[BlackClock "0:00:03"]

1. a3 d5 2. e3 Nf6 3. d4 Bf5 4. Nf3 e6 5. b4 Bd6 6. c4 c6 7. Bb2 Ne4 8. Nbd2 Nd7 9. c5 Bc7 10. Nxe4 Bxe4 11. Nd2 Bg6 12. f4 Nf6 13. Be2 Be4 14. O-O h6 15. Nxe4 Nxe4 16. g3 g5 17. f5 Qe7 18. fxe6 Qxe6 19. Bg4 Qe7 20. Qf3 Nd2 21. Qf5 Nxf1 22. Rxf1 O-O 23. Bh5 Kg7 24. e4 Qe6 25. Qf3 f5 26. exf5 Qf6 27. Kg2 Rae8 28. Bxe8 Rxe8 29. Rf2 Re4 30. h3 a6 31. a4 Kh7 32. g4 Bf4 33. Re2 Qe7 34. Rxe4 dxe4 35. Qb3 e3 36. Qe6 Qxe6 37. fxe6 Kg6 38. Kf3 1-0


[Site "https://www.chess.com"]

[Event "Titled Tuesday Blitz March 07 Late 2023"]
[White "reevecanada"]
[Black "Harriott, Tyrell"]
[BlackFideId "2086484"]
[WhiteElo "2521"]
[BlackElo "2107"]
[Result "1-0"]
[Round "08"]
[TimeControl "180+2"]
[Date "2023.03.07"]
[WhiteClock "0:00:17"]
[BlackClock "0:00:19"]

1. e4 e6 2. Nf3 d5 3. Nc3 f5 4. e5 c5 5. d4 Nc6 6. Be2 Nge7 7. Bg5 Qa5 8. O-O Ng6 9. h4 cxd4 10. Nxd4 Ngxe5 11. Bh5+ g6 12. Bf6 Rg8 13. Re1 Nxd4 14. Rxe5 Nc6 15. Re1 Kf7 16. Bg5 h6 17. Bf3 hxg5 18. hxg5 Ne7 19. a3 Qc5 20. Qe2 Bd7 21. Rad1 Rc8 22. Rd3 b5 23. Re3 d4 24. Rxe6 dxc3 25. Rf6+ Ke8 26. b4 Qd6 27. Rxd6 Kd8 28. Qxb5 Rc7 29. Red1 Nc6 30. Bxc6 Bxd6 31. Rxd6 Rg7 32. Rxd7+ Rgxd7 33. Bxd7 Rxd7 34. Qb8+ Ke7 35. Qe5+ Kf7 36. Qf6+ Ke8 37. Qxg6+ Rf7 38. Qe6+ Kf8 39. g6 Re7 40. Qf6+ Ke8 41. g7 Rxg7 42. Qxg7 Kd8 43. Qxc3 Ke8 44. Qd3 Ke7 45. Qxf5 Kd6 46. g4 Kc7 47. g5 Kb6 48. g6 Kc7 49. g7 a5 50. g8=Q axb4 51. Qg7+ Kc6 52. Qgg6+ Kc7 53. Qff7+ 1-0


[Site "https://www.chess.com"]

[Event "Titled Tuesday Blitz March 07 Late 2023"]
[White "Petrovic, Aleksa"]
[Black "Figorito, Nick"]
[WhiteFideId "967629"]
[BlackFideId "30923689"]
[WhiteElo "2326"]
[BlackElo "2394"]
[Result "1/2-1/2"]
[Round "08"]
[TimeControl "180+2"]
[Date "2023.03.07"]
[WhiteClock "0:00:02"]
[BlackClock "0:00:05"]

1. d4 Nf6 2. c4 g6 3. Nc3 d5 4. cxd5 Nxd5 5. e4 Nxc3 6. bxc3 Bg7 7. Nf3 c5 8. Rb1 cxd4 9. cxd4 O-O 10. Be2 Qa5+ 11. Bd2 Qxa2 12. O-O Bg4 13. Bg5 h6 14. Bh4 b6 15. h3 Bd7 16. Ne5 Qa4 17. Qd2 g5 18. Ra1 gxh4 19. Rxa4 Bxa4 20. Bc4 Nc6 21. Nxf7 Rxf7 22. Bxf7+ Kxf7 23. Qa2+ Kf8 24. Qxa4 Nxd4 25. Qa6 Bf6 26. f4 Ne2+ 27. Kh2 Ng3 28. Rf3 Bd4 29. e5 Bc5 30. f5 Rd8 31. f6 Rd1 32. fxe7+ Kxe7 33. Qxa7+ Ke6 34. Rf6+ Kxe5 35. Qc7+ Kxf6 36. Qc6+ Rd6 37. Qf3+ Ke7 38. Qc3 Re6 39. Qc4 Bd6 40. Qxh4+ Kd7 41. Qa4+ Ke7 42. Qh4+ Kd7 43. Qa4+ Kc7 44. Qc4+ Kd7 45. Qa4+ 1/2-1/2


[Site "https://www.chess.com"]

[Event "Titled Tuesday Blitz March 07 Late 2023"]
[White "Karas, Marek"]
[Black "Nunez V, Gustavo Eduardo"]
[WhiteFideId "14928558"]
[BlackFideId "4403690"]
[WhiteElo "2233"]
[BlackElo "2228"]
[Result "0-1"]
[Round "08"]
[TimeControl "180+2"]
[Date "2023.03.07"]
[WhiteClock "0:00:02"]
[BlackClock "0:00:23"]

1. d4 Nf6 2. Nc3 g6 3. e4 d6 4. Bf4 Bg7 5. Qd2 h6 6. O-O-O g5 7. Bg3 Nh5 8. Be2 Nxg3 9. hxg3 Nc6 10. Bb5 Bd7 11. Nge2 a6 12. Ba4 b5 13. Bb3 a5 14. a4 b4 15. Nd5 e6 16. Ne3 Qf6 17. f4 O-O-O 18. Qd3 Nb8 19. Nc4 d5 20. Ne5 Bc6 21. exd5 Bxd5 22. Bxd5 Rxd5 23. Kb1 Rhd8 24. c4 bxc3 25. Nxc3 Rxd4 26. Qxd4 Rxd4 27. Rxd4 Qf5+ 28. Re4 f6 29. Nc4 Qc5 30. Na3 f5 31. Rc4 Qf2 32. fxg5 h5 33. Rxh5 Qxg3 34. Nab5 c6 35. Na3 Qxg2 36. Ka2 Kb7 37. Rh7 Qxg5 38. Rch4 Ka6 39. R4h5 Qf6 40. Nc4 e5 41. Ne3 f4 42. Nf5 Bf8 43. Kb1 e4 44. Nxe4 Qe6 45. Nc3 f3 0-1


[Site "https://www.chess.com"]

[Event "Titled Tuesday Blitz March 07 Late 2023"]
[White "Kleiman, Jake"]
[Black "Jovic, Stanoje"]
[WhiteFideId "2020041"]
[BlackFideId "905020"]
[WhiteElo "2490"]
[BlackElo "2236"]
[Result "1/2-1/2"]
[Round "08"]
[TimeControl "180+2"]
[Date "2023.03.07"]
[WhiteClock "0:00:05"]
[BlackClock "0:00:09"]

1. Nf3 Nf6 2. g3 b6 3. Bg2 Bb7 4. O-O c5 5. a4 e6 6. a5 bxa5 7. d3 d5 8. Nbd2 Nc6 9. Nb3 Be7 10. Bd2 O-O 11. Nxa5 Nxa5 12. Bxa5 Qb8 13. b3 d4 14. Nd2 Bxg2 15. Kxg2 Qb7+ 16. Kg1 Nd5 17. Nc4 f5 18. e4 dxe3 19. fxe3 Bg5 20. Qf3 Bf6 21. Rae1 g5 22. g4 f4 23. exf4 Bd4+ 24. Kh1 Rxf4 25. Qg2 Raf8 26. Rxf4 Rxf4 27. Bd2 Rf2 28. Qe4 Qf7 29. Qxe6 Rf1+ 30. Kg2 Rf2+ 31. Kh3 Rf3+ 32. Kg2 Rf2+ 33. Kh1 Rf1+ 34. Kg2 Rf2+ 1/2-1/2


[Site "https://www.chess.com"]

[Event "Titled Tuesday Blitz March 07 Late 2023"]
[White "Rostomyan, Mikayel"]
[Black "Goltseva, Ekaterina"]
[WhiteFideId "13313754"]
[BlackFideId "24173770"]
[WhiteElo "2009"]
[BlackElo "2200"]
[Result "1-0"]
[Round "08"]
[TimeControl "180+2"]
[Date "2023.03.07"]
[WhiteClock "0:00:13"]
[BlackClock "0:00:01"]

1. e4 c5 2. Nf3 e6 3. d4 cxd4 4. Nxd4 Nf6 5. Nc3 Nc6 6. Nxc6 bxc6 7. e5 Nd5 8. Ne4 Qc7 9. f4 Rb8 10. c4 Bb4+ 11. Kf2 O-O 12. cxd5 cxd5 13. Ng5 f6 14. Nf3 fxe5 15. fxe5 Qxe5 16. Be3 Qxb2+ 17. Be2 Qa3 18. Rb1 Bc5 19. Qd3 Bxe3+ 20. Qxe3 Qd6 21. Rxb8 Qxb8 22. Rd1 Qxh2 23. Rd4 d6 24. Qg5 Qh1 25. Rg4 Qa1 26. Qe7 Rf7 27. Qd8+ Rf8 28. Qxd6 Qf6 29. Kg1 e5 30. Qxf6 Rxf6 31. Ra4 e4 32. Nd4 a6 33. Rb4 h6 34. Rb8 Rf8 35. a4 Kf7 36. Ra8 e3 37. Bxa6 Bxa6 38. Rxa6 Rb8 39. Kf1 Rb4 40. Nc2 1-0


[Site "https://www.chess.com"]

[Event "Titled Tuesday Blitz March 07 Late 2023"]
[White "ArchibaldCerveza29"]
[Black "Avalos Parra, Joao"]
[BlackFideId "3402541"]
[WhiteElo "2481"]
[BlackElo "2173"]
[Result "1-0"]
[Round "08"]
[TimeControl "180+2"]
[Date "2023.03.07"]
[WhiteClock "0:01:50"]
[BlackClock "0:01:03"]

1. e4 e5 2. Nf3 Nc6 3. Bc4 Bc5 4. O-O Nf6 5. d4 Bxd4 6. Nxd4 Nxd4 7. Bg5 d6 8. f4 Be6 9. Na3 h6 10. Bh4 Nc6 11. Bxe6 fxe6 12. fxe5 Nxe5 13. Bxf6 gxf6 14. Qh5+ Ke7 15. Nb5 a6 16. Nd4 Qg8 17. Qh3 Qg4 18. Qb3 Rhg8 19. Rf2 Qxe4 20. Qxe6+ Kd8 21. Qxg8+ Kd7 22. Qxa8 Qxd4 23. Re1 1-0


[Site "https://www.chess.com"]

[Event "Titled Tuesday Blitz March 07 Late 2023"]
[White "Prydun, Andriy"]
[Black "Zampronha, Wladimir Camilo"]
[WhiteFideId "14145898"]
[BlackFideId "2103087"]
[WhiteElo "2164"]
[BlackElo "2176"]
[Result "1-0"]
[Round "08"]
[TimeControl "180+2"]
[Date "2023.03.07"]
[WhiteClock "0:00:23"]
[BlackClock "0:01:02"]

1. e4 c5 2. Ne2 e6 3. Ng3 d5 4. Bd3 c4 5. Be2 Nf6 6. exd5 exd5 7. O-O Nc6 8. b3 cxb3 9. axb3 Be7 10. Bb2 O-O 11. Na3 Be6 12. Nb5 Qd7 13. Nd4 Nxd4 14. Bxd4 a6 15. Bd3 Rac8 16. Nh5 Nxh5 17. Qxh5 f5 18. Rfe1 Bf6 19. c3 Bxd4 20. cxd4 g6 21. Qg5 Bf7 22. Re7 Qd6 23. Rxb7 Rb8 24. Rxa6 Qd8 25. Qxd8 Rfxd8 26. Raa7 Rxb7 27. Rxb7 Ra8 28. Kf1 Ra2 29. Ke2 Kg7 30. b4 Kf6 31. b5 g5 32. Rb6+ Ke7 33. Bxf5 Ra4 34. Rh6 Rxd4 35. Rxh7 Kf6 36. g4 Rb4 37. h4 gxh4 38. b6 h3 39. Rxh3 Rxb6 40. Rh6+ 1-0


[Site "https://www.chess.com"]

[Event "Titled Tuesday Blitz March 07 Late 2023"]
[White "Elissalt Cardenas, Hector"]
[Black "mohsengabr2002"]
[WhiteFideId "3500632"]
[WhiteElo "2202"]
[BlackElo "2330"]
[Result "0-1"]
[Round "08"]
[TimeControl "180+2"]
[Date "2023.03.07"]
[WhiteClock "0:00:11"]
[BlackClock "0:00:50"]

1. d4 d5 2. c4 e6 3. Nc3 Nf6 4. cxd5 exd5 5. Bg5 Be7 6. e3 c6 7. Bd3 O-O 8. Qc2 h6 9. Bh4 Nh5 10. Bxe7 Qxe7 11. O-O-O b5 12. Nf3 a5 13. Kb1 a4 14. Ne2 Na6 15. Ng3 Nxg3 16. hxg3 Nb4 17. Qd2 a3 18. b3 Re8 19. Ne5 Nxd3 20. Nxd3 Bf5 21. Ka1 Bxd3 22. Qxd3 c5 23. dxc5 Qxc5 24. Rc1 Qd6 25. Rhd1 Qf6+ 26. Qd4 Qxf2 27. Rd2 Qxg3 28. Re2 Rad8 29. Rf1 Re4 30. Qa7 Qe5+ 31. Kb1 b4 32. Qxf7+ Kh8 33. Qf5 Qxf5 34. Rxf5 d4 35. Rf3 Rde8 36. Kc2 Rxe3 37. Rd2 Rc8+ 38. Kd1 Rxf3 39. gxf3 Rd8 40. Ke2 g5 41. Kd3 Kg7 42. Re2 Kf6 43. Re4 h5 44. Re2 Kf5 45. Re7 Kf4 46. Rf7+ Kg3 47. Rg7 Rd5 48. Rh7 h4 49. Rb7 h3 0-1


[Site "https://www.chess.com"]

[Event "Titled Tuesday Blitz March 07 Late 2023"]
[White "Yeritsyan, Hayk"]
[Black "Kukavica, Tony"]
[WhiteFideId "13307320"]
[BlackFideId "2062542"]
[WhiteElo "2455"]
[BlackElo "1993"]
[Result "1-0"]
[Round "08"]
[TimeControl "180+2"]
[Date "2023.03.07"]
[WhiteClock "0:00:40"]
[BlackClock "0:01:10"]

1. d4 d5 2. Nf3 Nf6 3. e3 e6 4. Bd3 h6 5. Ne5 c5 6. c3 Nfd7 7. f4 Be7 8. O-O O-O 9. Nd2 b6 10. g4 Ba6 11. Nc6 Qe8 12. Nxb8 Nxb8 13. Bxa6 Nxa6 14. Qe2 f5 15. Qxa6 fxg4 16. Qe2 h5 17. b3 Qg6 18. e4 Rf7 19. f5 exf5 20. exd5 Bd6 21. Nc4 f4 22. Nxd6 Qxd6 23. Qe6 Rd8 24. Rxf4 Qxe6 25. dxe6 Rxf4 26. Bxf4 cxd4 27. Rd1 d3 28. e7 Re8 29. Bg5 Kf7 30. Rxd3 Kg6 31. Rd8 Kf7 32. Kf2 g6 33. Kg3 a6 34. c4 b5 35. c5 Rxe7 36. Bxe7 Kxe7 37. Rd6 a5 38. Rxg6 1-0


[Site "https://www.chess.com"]

[Event "Titled Tuesday Blitz March 07 Late 2023"]
[White "Perske, Thore"]
[Black "Fajdetic, Hrvoje"]
[WhiteFideId "12902195"]
[BlackFideId "14501945"]
[WhiteElo "2336"]
[BlackElo "2185"]
[Result "1-0"]
[Round "08"]
[TimeControl "180+2"]
[Date "2023.03.07"]
[WhiteClock "0:01:37"]
[BlackClock "0:02:01"]

1. e4 c5 2. Nf3 a6 3. g3 g6 4. Bg2 Bg7 5. O-O e5 6. a4 b6 7. d3 Ne7 8. Nc3 d6 9. Nd2 O-O 10. Nc4 Nbc6 11. f4 f5 12. Nd5 Nxd5 13. exd5 Ne7 14. fxe5 b5 15. axb5 Bb7 16. exd6 Nxd5 17. bxa6 Bc6 18. c3 Ra7 19. Qb3 Kh8 20. Na5 1-0


[Site "https://www.chess.com"]

[Event "Titled Tuesday Blitz March 07 Late 2023"]
[White "Guzman Moneo, Alberto"]
[Black "Ashraf, Artin"]
[WhiteFideId "2209616"]
[BlackFideId "22514805"]
[WhiteElo "2157"]
[BlackElo "2188"]
[Result "1-0"]
[Round "08"]
[TimeControl "180+2"]
[Date "2023.03.07"]
[WhiteClock "0:00:22"]
[BlackClock "0:01:08"]

1. e4 a6 2. d4 e6 3. Nd2 d5 4. Bd3 c5 5. c3 Nc6 6. Ngf3 Nf6 7. O-O Qb6 8. exd5 Nxd5 9. Nc4 Qc7 10. Re1 cxd4 11. cxd4 Ncb4 12. Ng5 b5 13. Ne5 Nxd3 14. Qxd3 f6 15. Nef7 Rg8 16. Qxh7 fxg5 17. Nxg5 Nf6 18. Qg6+ Kd8 19. Rxe6 Bd7 20. Rxf6 Rc8 21. Bf4 Qc2 22. Nf7+ Ke8 23. Re1+ Be7 24. Nd6+ Kd8 25. Nf7+ Ke8 26. Rxe7+ Kxe7 27. Bd6+ Ke8 28. Re6+ 1-0


[Site "https://www.chess.com"]

[Event "Titled Tuesday Blitz March 07 Late 2023"]
[White "Pino Perez, Lazaro"]
[Black "Hjartarson, Johann"]
[WhiteFideId "3517055"]
[BlackFideId "2300044"]
[WhiteElo "2170"]
[BlackElo "2416"]
[Result "1-0"]
[Round "08"]
[TimeControl "180+2"]
[Date "2023.03.07"]
[WhiteClock "0:00:19"]
[BlackClock "0:00:38"]

1. d4 Nf6 2. Bf4 g6 3. Nc3 d5 4. e3 Bg7 5. h4 h5 6. Nf3 Bg4 7. Qd2 Bxf3 8. gxf3 c6 9. e4 e6 10. O-O-O b5 11. exd5 Nxd5 12. Nxd5 Qxd5 13. Kb1 Nd7 14. Bd3 Nb6 15. Be4 Qd7 16. Rhg1 Nd5 17. Bg5 O-O 18. Bh6 Rad8 19. Bxg6 fxg6 20. Rxg6 Rf7 21. Rdg1 Qe8 22. Bxg7 1-0


[Site "https://www.chess.com"]